 Dungeon Crawl Stone Soup version 0.29.0-4-gdea44cf6ec (webtiles) character file.

Game seed: 17914970390159086496

86 thebattery the Slasher (level 4, 0/41 HPs)
             Began as a Minotaur Berserker on Aug 26, 2022.
             Was a Believer of Trog.
             Hit by a goblin thrown by Robin (1 damage)
             ... on level 3 of the Dungeon.
             The game lasted 00:11:08 (2790 turns).

thebattery the Slasher (Minotaur Berserker)         Turns: 2790, Time: 00:11:09

Health: 0/41       AC:  5    Str: 23    XL:     4   Next: 27%
Magic:  3/3        EV:  9    Int:  4    God:    Trog [**....]
Gold:   131        SH:  6    Dex: 10    Spells: 3/3 levels left

rFire   . . .      SeeInvis .   a - +0 falchion
rCold   . . .      Faith    .   i - +0 kite shield
rNeg    . . .      Spirit   .   e - +0 ring mail
rPois   .          Reflect  .   (helmet restricted)
rElec   .          Harm     .   (no cloak)
rCorr   .          Rampage  .   (no gloves)
Will    .....                   (no boots)
Stlth   +.........              (no amulet)
HPRegen 0.13/turn               (no ring)
MPRegen 0.08/turn               (no ring)

@: no status effects
A: horns 2, retaliatory headbutt
a: Renounce Religion, Berserk, Trog's Hand


You were on level 3 of the Dungeon.
You worshipped Trog.
Trog was pleased with you.
You visited 1 branch of the dungeon, and saw 3 of its levels.

You collected 131 gold pieces.

Inventory:

Hand Weapons
 a - a +0 falchion (weapon)
Armour
 e - a +0 ring mail (worn)
 i - a +0 kite shield (worn)
Magical Staves
 k - a staff of poison
Scrolls
 b - a scroll of teleportation {unknown}
 c - 2 scrolls of identify {unknown}
 d - 2 scrolls of immolation {unknown}
 h - a scroll of butterflies {unknown}
 l - a scroll of brand weapon {unknown}
Potions
 f - 2 potions of might
 g - a potion of curing {unknown}
 j - a potion of cancellation {unknown}


   Skills:
 + Level 4.3 Fighting
 + Level 4.7 Long Blades
 + Level 3.1 Armour
 + Level 2.6 Dodging
 + Level 0.8 Stealth
 + Level 0.5 Shields


You had 3 spell levels left.
You didn't know any spells.
Your spell library was empty.

Dungeon Overview and Level Annotations

Branches:
Dungeon (3/15)

Altars:

Shops:
D:2 [

Annotations:
D:3 Robin


Innate Abilities, Weirdness & Mutations

You have a pair of horns on your head.
You reflexively headbutt those who attack you in melee.


Message History

The frilled lizard bites you but does no damage.
Robin throws the goblin at you! The giant cockroach barely misses you.
You miss the goblin.
The hobgoblin no longer looks unusually strong.
The goblin no longer looks unusually strong.
You block the goblin's attack. You block the giant cockroach's attack.
The frilled lizard barely misses you.
You hit the goblin.
The goblin is moderately wounded.
The giant cockroach barely misses you. You furiously retaliate!
You headbutt the giant cockroach!
You kill the giant cockroach!
Trog accepts your kill. The kobold hits you but does no damage.
The goblin hits you but does no damage. Robin throws the goblin at you!
The frilled lizard bites you but does no damage.
The goblin closely misses you. You block the kobold's attack.
You block the goblin's attack.
Robin roars a battlecry!
The goblins go into a battle-frenzy!
The frilled lizard closely misses you.
You barely miss the goblin.
The goblin is moderately wounded.
The goblin no longer looks unusually strong.
You block the goblin's attack. The goblin hits you but does no damage.
The kobold hits you with a +0 short sword.
* * * LOW HITPOINT WARNING * * *
You block Robin's attack. The frilled lizard closely misses you.
Robin attacks as you move away! Robin closely misses you.
You furiously retaliate!
You headbutt Robin. The goblin hits you but does no damage.
The goblin hits you with a +0 club.
* * * LOW HITPOINT WARNING * * *
The goblin closely misses you. The kobold attacks as you move away!
The kobold barely misses you. You furiously retaliate!
You headbutt the kobold!
You kill the kobold!
Trog accepts your kill. The goblin hits you but does no damage.
Robin throws the goblin at you!
You die...

#g# ?. #.# ... #< #)# ..##
#. #.# ..# ######## #.. #.##
#.# ##......##
..##.##..####.####........##
............†l..#..........#
..###......)g.g.#..........#
#....†.)g).@...........#
#..........#g..........#
#.####....###..........# #.
####.# ##...>....## ## #.#
#..........# #..
#..........#
##.##.......>..#
.##..........# #..........#


You could see Robin (strong), a hobgoblin (strong), 2 goblins and a frilled
lizard.

Vanquished Creatures
  4 adders
  3 endoplasms
  2 giant cockroaches
  10 hobgoblins
  3 jackals (D:1)
  A quokka (D:2)
  2 ball pythons
  A bat (D:2)
  12 goblins
  3 kobolds
  5 rats
46 creatures vanquished.

Notes
Turn   | Place    | Note
-------+----------+-------------------------------------------
     0 | D:1      | thebattery the Minotaur Berserker began the quest for the
                  | Orb.
     0 | D:1      | Reached XP level 1. HP: 19/19 MP: 0/0
   427 | D:1      | Found a faded altar of an unknown god.
   511 | D:1      | Reached XP level 2. HP: 22/27 MP: 1/1
  1960 | D:2      | Found Lien's Antique Armour Shop.
  2142 | D:2      | Reached XP level 3. HP: 28/33 MP: 2/2
  2758 | D:3      | Noticed Robin
  2759 | D:3      | Reached ** piety under Trog
  2764 | D:3      | Reached XP level 4. HP: 19/40 MP: 3/3
  2787 | D:3      | HP: 2/41 [kobold/+0 short sword (2)]
  2790 | D:3      | Hit by a goblin thrown by Robin

Illustrated notes

Levels and vault maps discovered:
D:1:      kilobyte_arrival_exit_the_forest, layout_basic,
          hellmonk_ecumenical_altar_run_dry
D:2:      wander_river, layout_loops_corners, serial_shops,
          nicolae_shop_hallway_plus
D:3:      layout_rooms, minmay_surrounded, uniq_terence, uniq_robin

Skill      XL: |  1  2  3 |
---------------+----------+-----
Long Blades    | 4 |  4.7
Fighting       | 4 |  4.3
Armour         | 3 |  3.1
Dodging        | |  2.6
Stealth        | |  0.8
Shields        | |  0.5

Action                   |  1- 3 |  4- 6 || total
-------------------------+-------+-------++-------
Melee: Falchion          |    99 |    12 ||   111
       Headbutt          |    13 |     1 ||    14
       Punch             |     2 |       ||     2
Armor: Animal skin       |     6 |       ||     6
       Ring mail         |    41 |    16 ||    57
Dodge: Dodged            |    52 |    21 ||    73
Block: Kite shield       |    15 |    13 ||    28
